 Dungeon Crawl Stone Soup version 0.24-a0-70-gf44d0c5 (webtiles) character file.

Game seed: 7693366867191532860

422 Kairos the Cudgeler (level 6, -2/32 HPs)
             Began as a Vine Stalker Fighter on Feb 6, 2019.
             Killed by divine providence
             ... invoked by an orc priest
              (9 damage)
             ... on level 4 of the Dungeon.
             The game lasted 00:04:37 (2766 turns).

Kairos the Cudgeler (Vine Stalker Fighter)          Turns: 2766, Time: 00:04:37

Health: -2/32      AC:  8    Str: 21    XL:     6   Next: 95%
Magic:  0/7        EV:  7    Int:  8    God:
Gold:   79         SH:  9    Dex: 13    Spells: 5/5 levels left

rFire    . . .     SeeInvis .   v - +0 whip
rCold    . . .     Gourm    .   c - +0 shield
rNeg     . . .     Faith    .   b - +0 scale mail
rPois    .         Spirit   +   (no helmet)
rElec    .         Reflect  .   s - scarf {repulsion}
rCorr    .         Harm     .   t - +0 pair of gloves
MR       .....                  (no boots)
Stlth    ..........             (no amulet)
HPRegen  0.50/turn              (no ring)
MPRegen  0.10/turn              (no ring)

@: repel missiles
A: fangs 2, regeneration 1, magic shield, antimagic bite, no potion heal 3, rot
immunity
a: no special abilities


You were on level 4 of the Dungeon.
You were not hungry.

You visited 1 branch of the dungeon, and saw 4 of its levels.

You collected 79 gold pieces.

Inventory:

Hand Weapons
 a - a +0 flail
 v - a +0 whip (weapon)
Armour
 b - a +0 scale mail (worn)
 c - a +0 shield (worn)
 h - a +0 cloak
 s - a scarf of repulsion (worn)
 t - a +0 pair of gloves (worn)
Wands
 q - a wand of flame (4)
Scrolls
 e - a scroll of immolation {unknown}
 g - 3 scrolls of enchant weapon {unknown}
 j - a scroll of identify {unknown}
 k - a scroll of fog {unknown}
 r - a scroll of remove curse {unknown}
Potions
 d - a potion of might
 i - 3 potions of heal wounds {unknown}
 l - a potion of brilliance {unknown}
 m - 2 potions of magic {unknown}
 n - 2 potions of curing {unknown}
 o - 2 potions of flight {unknown}
 p - a potion of degeneration {unknown}
 u - a potion of resistance {unknown}
Comestibles
 f - 6 rations


   Skills:
 + Level 3.3 Fighting
 + Level 4.8 Maces & Flails
 + Level 3.3 Armour
 + Level 0.9 Dodging
 + Level 0.8 Stealth
 + Level 3.6 Shields


You had 5 spell levels left.
You didn't know any spells.
Your spell library contained the following spells:

 Spells                   Type           Power        Failure   Level  Hunger
 Sandblast                Erth           #.....       99%         1    ##.....
 Passwall                 Tmut/Erth      #.......     100%        2    ###....
 Stone Arrow              Conj/Erth      #.....       100%        3    ####...
 Petrify                  Tmut/Erth      #.......     100%        4    #####..
 Lee's Rapid Deconstruct  Erth           #.........   100%        5    ######.


Dungeon Overview and Level Annotations

Branches:
Dungeon (4/15)
 Temple: D:4-7

Altars:
Nemelex Xobeh


Innate Abilities, Weirdness & Mutations

You have extremely sharp teeth.
Your natural rate of healing is unusually fast.
When hurt, damage is shared between your health and your magic reserves.
Your bite disrupts and absorbs the magic of your enemies.
Potions cannot restore your health.
You are immune to rotting.


Message History

An orc comes into view. It is wielding a +0 hand axe.
Something completely misses the plant.
The orc wizard hits you with a cursed -3 dagger.
You block the orc wizard's attack. You block the orc wizard's attack.
You block the ogre's attack. The orc hits you but does no damage.
The orc wizard casts a spell at you. The magic dart hits you!
* * * LOW HITPOINT WARNING * * *
You enter the shallow water.
Moving in this stuff is going to be slow.
The hound zombie bites you but does no damage.
You block the hound zombie's attack.
The orc wizard hits you but does no damage.
The hound zombie bites you but does no damage.
The orc wizard splashes around in the water.
The orc barely misses you.
The orc priest invokes the aid of Beogh against you.
Beogh smites you!
You die...

..## ##≈≈.≈≈..# ....
#..≈≈≈≈≈.# #..##
##.≈≈≈≈≈..# ....#
#..≈≈≈≈≈≈.## ##..#
#...≈≈≈≈≈P. #..#
#..≈≈?≈.≈♣#### #..#
#..≈≈o..≈....# #..#
##..o.OoZ...#
##..#####..#..PP@.###
...............o........
....##########...####.##
....# #.#.# ....# #.#..#
....# #.##.# #...## ...
.# #....# ... .. #..#.#


You could see an orc warrior, an ogre, an orc priest, an orc wizard, an orc and
a hound zombie.

Vanquished Creatures
  An ogre (D:4)
  A centaur skeleton (D:4)
  An orc priest (D:4)
  Natasha (thrice) (D:3)
  An orc wizard (D:4)
  A hound skeleton (D:4)
  5 adders
  4 gnolls
  An ooze (D:1)
  An adder skeleton (D:4)
  4 dart slugs
  A leopard gecko (D:3)
  3 orcs (D:4)
  A ball python (D:3)
  6 bats
  6 giant cockroaches
  7 goblins
  6 hobgoblins
  8 jackals
  7 frilled lizards
  A jackal skeleton (D:4)
  4 kobolds
  5 rats
78 creatures vanquished.

Notes
Turn   | Place    | Note
-------+----------+-------------------------------------------
     0 | D:1      | Kairos the Vine Stalker Fighter began the quest for the
                  | Orb.
     0 | D:1      | Reached XP level 1. HP: 11/11 MP: 2/2
     1 | D:1      | Found a sparkling altar of Nemelex Xobeh.
   394 | D:1      | Reached XP level 2. HP: 8/16 MP: 3/3
   561 | D:1      | Reached skill level 2 in Maces & Flails
   763 | D:1      | Reached XP level 3. HP: 18/19 MP: 4/4
  1103 | D:2      | Gained mutation: Your natural rate of healing is unusually
                  | fast. [Vine Stalker growth]
  1103 | D:2      | Reached XP level 4. HP: 17/24 MP: 5/5
  1297 | D:2      | Reached skill level 3 in Maces & Flails
  1649 | D:3      | Noticed Natasha
  1658 | D:3      | Killed Natasha
  1658 | D:3      | Reached XP level 5. HP: 19/28 MP: 4/6
  1723 | D:3      | Noticed Natasha
  1732 | D:3      | Killed Natasha
  1969 | D:3      | Noticed Natasha
  1978 | D:3      | Killed Natasha
  1978 | D:3      | Reached skill level 4 in Maces & Flails
  2381 | D:4      | Noticed an ogre
  2385 | D:4      | Reached XP level 6. HP: 30/32 MP: 4/7
  2393 | D:4      | HP: 1/32 [ogre/+0 giant spiked club (11)]
  2400 | D:4      | Noticed an orc warrior
  2766 | D:4      | Killed from afar by an orc priest

Vault maps used:
D:1:      dpeg_arrival_rhombus, layout_basic, minmay_misc_feat_square,
          nemelex_xobeh_ov_fountains_minmay
D:2:      layout_rooms, nrook_mini_backslash, hangedman_decor_opposing,
          chequers_arboretum
D:3:      layout_basic, first_ration, uniq_natasha
D:4:      layout_basic, serial_rivers, chequers_serial_rivers_marsh,
          chequers_serial_rivers_small_3, chequers_serial_rivers_small_3,
          chequers_serial_rivers_room_a, chequers_serial_rivers_micro_c,
          serial_bayou_pond_b

Skill      XL: |  1  2  3  4  5 |
---------------+----------------+-----
Maces & Flails | 2 3 4 |  4.8
Fighting       | 3 |  3.3
Shields        | 3 |  3.6
Armour         | 3 |  3.3
Dodging        | |  0.9
Stealth        | |  0.8

Action                   |  1- 3 |  4- 6 || total
-------------------------+-------+-------++-------
Melee: Flail             |    95 |   122 ||   217
       Bite              |    19 |    37 ||    56
       Whip              |       |    11 ||    11
  Eat: Chunk             |       |     6 ||     6
Armor: Scale mail        |    53 |    70 ||   123
Dodge: Dodged            |    36 |    38 ||    74
Block: Shield            |    49 |    85 ||   134

Table legend:
 A = Non-vault XP
 B = Vault XP
 C = Vault XP percentage of total XP
 D = Non-vault monster count
 E = Vault monster count
 F = Vault count percentage of total count
                 A         B        C        D         E       F
            +---------+---------+-------+---------+---------+-------
      Total |     555 |      48 |   8.0 |      76 |       2 |   2.6
            +---------+---------+-------+---------+---------+-------
        D:1 |      54 |       0 |   0.0 |      20 |       0 |   0.0
        D:2 |      95 |       0 |   0.0 |      28 |       0 |   0.0
        D:3 |     119 |      35 |  22.7 |      15 |       1 |   6.2
        D:4 |     287 |      13 |   4.3 |      13 |       1 |   7.1
            +---------+---------+-------+---------+---------+-------
